| TOP OF THE 1ST |
|
Aberdeen Pheasants batting - Pitching for Sioux Falls Packers : LHP Miguel Reyes
|
|
Pitching: LHP Miguel Reyes
|
|
|
Batting: RHB Alejandro Luna
|
0-0: Foul Ball, location: 2F 0-1: Foul Ball, location: 2F 0-2: Ball 1-2: Fly out, F8 (Line Drive, 8RD, EV 90.0 MPH)
|
|
Batting: RHB Greg Howe
|
0-0: Ball 1-0: Ball 2-0: Bunted foul 2-1: Called Strike 2-2: Ground out 6-3 (Groundball, 56, EV 98.1 MPH)
|
|
Batting: RHB Mike R Fitzgerald
|
0-0: Ball 1-0: Foul Ball, location: 2F 1-1: Ball 2-1: Fly out, F5 (Line Drive, 5, EV 65.0 MPH)
|
| Top of the 1st over - 0 runs, 0 hits, 0 errors, 0 left on base; Aberdeen 0 - Sioux Falls 0 |
| BOTTOM OF THE 1ST |
|
Sioux Falls Packers batting - Pitching for Aberdeen Pheasants : RHP Josh Seymour
|
|
Pitching: RHP Josh Seymour
|
|
|
Batting: RHB Donald Devlin
|
0-0: Foul Ball, location: 2F 0-1: Ball 1-1: Swinging Strike 1-2: Foul Ball, location: 2F 1-2: Ball 2-2: Strikes out swinging
|
|
Batting: LHB Reggie West
|
0-0: Ball 1-0: Called Strike 1-1: Called Strike 1-2: Ball 2-2: Strikes out swinging, 2-3 out at first.
|
|
Batting: LHB Mike Aldrete
|
0-0: Called Strike 0-1: Foul Ball, location: 2F 0-2: Ball 1-2: Fly out, F7 (Flyball, 78S, EV 81.9 MPH)
|
| Bottom of the 1st over - 0 runs, 0 hits, 0 errors, 0 left on base; Aberdeen 0 - Sioux Falls 0 |
| TOP OF THE 2ND |
|
Aberdeen Pheasants batting - Pitching for Sioux Falls Packers : LHP Miguel Reyes
|
|
Batting: RHB Harry McCulla
|
0-0: Called Strike 0-1: Ball 1-1: Fly out, F9 (Flyball, 9S, EV 75.6 MPH)
|
|
Batting: LHB Tim Thompson
|
0-0: Called Strike 0-1: Foul Ball, location: 2F 0-2: Ground out 3-1 (Groundball, 34, EV 92.5 MPH)
|
|
Batting: RHB Pedro Chavez
|
0-0: Ball 1-0: Ball 2-0: Ball 3-0: Base on Balls
|
|
Batting: SHB Stephen Moore
|
0-0: Ball 1-0: SINGLE (Groundball, P, EV 83.1 MPH) (infield hit) Pedro Chavez to second
|
|
Batting: RHB Armando Ramirez
|
0-0: Ball 1-0: Foul Ball, location: 2F 1-1: Fielders Choice at 2nd, 6-4 (Groundball, 6, EV 86.9 MPH)
|
| Top of the 2nd over - 0 runs, 1 hit, 0 errors, 2 left on base; Aberdeen 0 - Sioux Falls 0 |
| BOTTOM OF THE 2ND |
|
Sioux Falls Packers batting - Pitching for Aberdeen Pheasants : RHP Josh Seymour
|
|
Batting: LHB Randy Salava
|
0-0: DOUBLE (Groundball, 3L, EV 103.1 MPH)
|
|
Batting: SHB Gary Springer
|
0-0: Swinging Strike 0-1: Called Strike 0-2: Ball 1-2: Ball 2-2: Fly out, F7 (Line Drive, 7, EV 95.0 MPH)
|
|
Batting: LHB Richard Wilkinson
|
0-0: Ball 1-0: Ball 2-0: Foul Ball, location: 2F 2-1: Foul Ball, location: 2F 2-2: Ball 3-2: Base on Balls
|
|
Batting: RHB Ben Amaya
|
0-0: Ball 1-0: Fly out, F8 (Flyball, 8LS, EV 86.3 MPH)
|
|
Batting: RHB Ricky Jones
|
0-0: Ball 1-0: TRIPLE (Line Drive, 89XD, EV 105.0 MPH) Randy Salava scores Richard Wilkinson scores
|
|
Batting: RHB Francisco Perez
|
0-0: Called Strike 0-1: Ground out 4-3 (Groundball, 34, EV 102.5 MPH)
|
| Bottom of the 2nd over - 2 runs, 2 hits, 0 errors, 1 left on base; Aberdeen 0 - Sioux Falls 2 |
| TOP OF THE 3RD |
|
Aberdeen Pheasants batting - Pitching for Sioux Falls Packers : LHP Miguel Reyes
|
|
Batting: RHB Diego Martinez
|
0-0: Ball 1-0: Ball 2-0: Foul Ball, location: 2F 2-1: Foul Ball, location: 2F 2-2: Foul Ball, location: 2F 2-2: Ball 3-2: Ground out U3 (Groundball, 34, EV 103.8 MPH)
|
|
Batting: RHB Alejandro Luna
|
0-0: Called Strike 0-1: Ball 1-1: Called Strike 1-2: Ball 2-2: Ball 3-2: Strikes out swinging
|
|
Batting: RHB Greg Howe
|
0-0: Called Strike 0-1: Swinging Strike 0-2: Strikes out swinging
|
| Top of the 3rd over - 0 runs, 0 hits, 0 errors, 0 left on base; Aberdeen 0 - Sioux Falls 2 |
| BOTTOM OF THE 3RD |
|
Sioux Falls Packers batting - Pitching for Aberdeen Pheasants : RHP Josh Seymour
|
|
Batting: RHB Donald Devlin
|
0-0: SINGLE (Groundball, 4D, EV 95.6 MPH)
|
|
Batting: LHB Reggie West
|
0-0: Ball 1-0: Ball 2-0: Called Strike 2-1: Swinging Strike 2-2: Fielders Choice at 2nd, 5-4 (Groundball, 56S, EV 90.6 MPH)
|
|
Batting: LHB Mike Aldrete
|
0-0: Ball 1-0: Called Strike 1-1: TRIPLE (Flyball, 89XD, EV 96.9 MPH) Reggie West scores
|
|
Batting: LHB Randy Salava
|
0-0: Reached on error, E4 (Groundball, 34, EV 83.8 MPH) Mike Aldrete scores
|
|
Batting: SHB Gary Springer
|
0-0: Foul Ball, location: 2F 0-1: DOUBLE (Groundball, 3L, EV 104.4 MPH) Randy Salava to third Runner from 3rd tries for Home, SAFE, throw by RF to trailing runner, SAFE at third!
|
|
Batting: LHB Richard Wilkinson
|
0-0: Called Strike 0-1: Ball 1-1: Fly out, F7 (Flyball, 78D, EV 91.9 MPH) Runner from 3rd tags up, SCORES, throw by LF
|
|
Batting: RHB Ben Amaya
|
0-0: Ball 1-0: Ground out 6-3 (Groundball, 6, EV 98.1 MPH)
|
| Bottom of the 3rd over - 4 runs, 3 hits, 1 error, 0 left on base; Aberdeen 0 - Sioux Falls 6 |
| TOP OF THE 4TH |
|
Aberdeen Pheasants batting - Pitching for Sioux Falls Packers : LHP Miguel Reyes
|
|
Batting: RHB Mike R Fitzgerald
|
0-0: Ball 1-0: Ball 2-0: Ball 3-0: Called Strike 3-1: Fly out, F4 (Line Drive, 4, EV 75.6 MPH)
|
|
Batting: RHB Harry McCulla
|
0-0: Called Strike 0-1: Called Strike 0-2: Foul Ball, location: 2F 0-2: Foul Ball, location: 2F 0-2: Strikes out swinging
|
|
Batting: LHB Tim Thompson
|
0-0: Ball 1-0: Called Strike 1-1: Fly out, F6 (Popup, 4MD, EV 49.4 MPH)
|
| Top of the 4th over - 0 runs, 0 hits, 0 errors, 0 left on base; Aberdeen 0 - Sioux Falls 6 |
| BOTTOM OF THE 4TH |
|
Sioux Falls Packers batting - Pitching for Aberdeen Pheasants : RHP Josh Seymour
|
|
Batting: RHB Ricky Jones
|
0-0: Swinging Strike 0-1: Swinging Strike 0-2: Foul Ball, location: 2F 0-2: SOLO HOME RUN (Flyball, 7LD, EV 101.9 MPH), Distance : 355 ft
|
|
Batting: RHB Francisco Perez
|
0-0: Ground out 1-3 (Groundball, 34S, EV 68.8 MPH)
|
|
Batting: RHB Donald Devlin
|
0-0: Ball 1-0: Ball 2-0: Called Strike 2-1: Foul Ball, location: 2F 2-2: SINGLE (Line Drive, 34, EV 95.0 MPH)
|
|
Batting: LHB Reggie West
|
0-0: Ball 1-0: Ball 2-0: Called Strike 2-1: Foul Ball, location: 2F 2-2: Fielders Choice at 2nd, 2-4 (Groundball, 15S, EV 68.8 MPH)
|
|
Batting: LHB Mike Aldrete
|
0-0: Ball 1-0: Ball 2-0: Called Strike 2-1: Foul Ball, location: 2F 2-2: Foul Ball, location: 2F 2-2: Fly out, F7 (Flyball, 78S, EV 90.0 MPH)
|
| Bottom of the 4th over - 1 run, 2 hits, 0 errors, 1 left on base; Aberdeen 0 - Sioux Falls 7 |
| TOP OF THE 5TH |
|
Aberdeen Pheasants batting - Pitching for Sioux Falls Packers : LHP Miguel Reyes
|
|
Batting: RHB Pedro Chavez
|
0-0: Called Strike 0-1: Ground out 4-3 (Groundball, 4, EV 108.8 MPH)
|
|
Batting: SHB Stephen Moore
|
0-0: Called Strike 0-1: Ball 1-1: Foul Ball, location: 2F 1-2: Foul Ball, location: 2F 1-2: Ball 2-2: Fly out, F8 (Flyball, 8RD, EV 96.3 MPH)
|
|
Batting: RHB Armando Ramirez
|
0-0: Foul Ball, location: 2F 0-1: Ball 1-1: Swinging Strike 1-2: Strikes out looking
|
| Top of the 5th over - 0 runs, 0 hits, 0 errors, 0 left on base; Aberdeen 0 - Sioux Falls 7 |
| BOTTOM OF THE 5TH |
|
Sioux Falls Packers batting - Pitching for Aberdeen Pheasants : RHP Josh Seymour
|
|
Batting: LHB Randy Salava
|
0-0: Ball 1-0: Called Strike 1-1: Foul Ball, location: 2F 1-2: Ball 2-2: Strikes out looking
|
|
Batting: SHB Gary Springer
|
0-0: Called Strike 0-1: Swinging Strike 0-2: Ball 1-2: Fly out, F8 (Flyball, 8LD, EV 100.6 MPH)
|
|
Batting: LHB Richard Wilkinson
|
0-0: Called Strike 0-1: Ball 1-1: Fly out, F5 (Popup, 25F, EV 85.0 MPH)
|
| Bottom of the 5th over - 0 runs, 0 hits, 0 errors, 0 left on base; Aberdeen 0 - Sioux Falls 7 |
| TOP OF THE 6TH |
|
Aberdeen Pheasants batting - Pitching for Sioux Falls Packers : LHP Miguel Reyes
|
|
Batting: RHB Diego Martinez
|
0-0: Swinging Strike 0-1: Ball 1-1: Ball 2-1: Ball 3-1: Called Strike 3-2: Foul Ball, location: 2F 3-2: Foul Ball, location: 2F 3-2: Strikes out swinging
|
|
Batting: RHB Alejandro Luna
|
0-0: Called Strike 0-1: Ground out U3 (Groundball, 34S, EV 82.5 MPH)
|
|
Batting: RHB Greg Howe
|
0-0: Swinging Strike 0-1: Ball 1-1: Ball 2-1: Fly out, F8 (Flyball, 8LS, EV 72.5 MPH)
|
| Top of the 6th over - 0 runs, 0 hits, 0 errors, 0 left on base; Aberdeen 0 - Sioux Falls 7 |
| BOTTOM OF THE 6TH |
|
Sioux Falls Packers batting - Pitching for Aberdeen Pheasants : RHP Josh Seymour
|
|
Pitching: RHP Lannie Cropper
|
|
|
Batting: RHB Ben Amaya
|
0-0: Ball 1-0: Foul Ball, location: 2F 1-1: Foul Ball, location: 2F 1-2: SOLO HOME RUN (Flyball, 9LD, EV 90.6 MPH), Distance : 345 ft
|
|
Batting: RHB Ricky Jones
|
0-0: Ball 1-0: Foul Ball, location: 2F 1-1: Ball 2-1: Ball 3-1: Called Strike 3-2: Strikes out swinging
|
|
Batting: RHB Francisco Perez
|
0-0: Ball 1-0: Ball 2-0: Called Strike 2-1: Called Strike 2-2: Ball 3-2: Base on Balls
|
|
Batting: RHB Donald Devlin
|
0-0: Ball 1-0: Swinging Strike 1-1: Ground out 1-3 (Groundball, P, EV 66.9 MPH) Francisco Perez to second
|
|
Batting: LHB Reggie West
|
0-0: SINGLE (Line Drive, 78M, EV 110.0 MPH) Francisco Perez to third Runner from 3rd tries for Home, SAFE, throw by CF to home
|
|
Batting: LHB Mike Aldrete
|
0-0: Ball 1-0: Ball 2-0: Ball 3-0: Base on Balls Reggie West to second
|
|
Batting: LHB Randy Salava
|
0-0: Ball 1-0: Ground out 6-3 (Groundball, P, EV 88.1 MPH)
|
| Bottom of the 6th over - 2 runs, 2 hits, 0 errors, 2 left on base; Aberdeen 0 - Sioux Falls 9 |
| TOP OF THE 7TH |
|
Aberdeen Pheasants batting - Pitching for Sioux Falls Packers : LHP Miguel Reyes
|
|
Batting: RHB Mike R Fitzgerald
|
0-0: Ball 1-0: Called Strike 1-1: Called Strike 1-2: Ball 2-2: SINGLE (Groundball, 34D, EV 103.8 MPH)
|
|
Batting: RHB Harry McCulla
|
0-0: Foul Ball, location: 2F 0-1: Ball 1-1: Called Strike 1-2: Ball 2-2: Ball 3-2: Strikes out swinging Mike R Fitzgerald steals 2nd base (no throw) Batter strikes out.
|
|
Batting: LHB Tim Thompson
|
0-0: Foul Ball, location: 2F 0-1: Foul Ball, location: 2F 0-2: Ground out 4-3 (Groundball, 4MD, EV 98.1 MPH) Mike R Fitzgerald to third
|
|
Batting: RHB Pedro Chavez
|
0-0: Ball 1-0: Ball 2-0: Ball 3-0: Called Strike 3-1: Base on Balls
|
|
Batting: SHB Stephen Moore
|
0-0: Called Strike 0-1: Foul Ball, location: 2F 0-2: Foul Ball, location: 2F 0-2: Ball 1-2: Foul Ball, location: 2F 1-2: Ground out 4-3 (Groundball, 34, EV 90.0 MPH)
|
| Top of the 7th over - 0 runs, 1 hit, 0 errors, 2 left on base; Aberdeen 0 - Sioux Falls 9 |
| BOTTOM OF THE 7TH |
|
Sioux Falls Packers batting - Pitching for Aberdeen Pheasants : RHP Lannie Cropper
|
|
Batting: SHB Gary Springer
|
0-0: Ball 1-0: Called Strike 1-1: Foul Ball, location: 2F 1-2: Ball 2-2: Foul Ball, location: 2F 2-2: DOUBLE (Groundball, 5L, EV 108.1 MPH)
|
|
Batting: LHB Richard Wilkinson
|
0-0: Foul Ball, location: 2F 0-1: Ball 1-1: Swinging Strike 1-2: Ball 2-2: Ground out 4-3 (Groundball, 4, EV 100.0 MPH) Gary Springer to third
|
|
Pitching: RHP Ernesto Borbon
|
|
|
Pinch Hitting: RHB Michael Schervish
|
0-0: Ball 1-0: Ball 2-0: Ball 3-0: Called Strike 3-1: Called Strike 3-2: Fly out, F9 (Flyball, 9LM, EV 84.4 MPH) Runner from 3rd tags up, SCORES, no throw by RF
|
|
Pinch Hitting: RHB Kevin Miller
|
0-0: Called Strike 0-1: Called Strike 0-2: Strikes out swinging
|
| Bottom of the 7th over - 1 run, 1 hit, 0 errors, 0 left on base; Aberdeen 0 - Sioux Falls 10 |
| TOP OF THE 8TH |
|
Aberdeen Pheasants batting - Pitching for Sioux Falls Packers : LHP Miguel Reyes
|
|
Now at C: Michael Schervish
|
|
|
Now at 1B: Kevin Miller
|
|
|
Batting: RHB Armando Ramirez
|
0-0: Called Strike 0-1: Foul Ball, location: 2F 0-2: Ground out 5-3 (Groundball, 5, EV 79.4 MPH)
|
|
Batting: RHB Diego Martinez
|
0-0: Ball 1-0: Ball 2-0: Called Strike 2-1: Ground out 5-3 (Groundball, 56, EV 85.0 MPH)
|
|
Batting: RHB Alejandro Luna
|
0-0: Called Strike 0-1: Called Strike 0-2: Ground out 6-3 (Groundball, 6, EV 93.8 MPH)
|
| Top of the 8th over - 0 runs, 0 hits, 0 errors, 0 left on base; Aberdeen 0 - Sioux Falls 10 |
| BOTTOM OF THE 8TH |
|
Sioux Falls Packers batting - Pitching for Aberdeen Pheasants : RHP Ernesto Borbon
|
|
Batting: RHB Francisco Perez
|
0-0: Called Strike 0-1: Ball 1-1: Foul Ball, location: 2F 1-2: Strikes out looking
|
|
Batting: RHB Donald Devlin
|
0-0: Ball 1-0: Foul Ball, location: 2F 1-1: Fly out, F8 (Line Drive, 8LM, EV 92.5 MPH)
|
|
Batting: LHB Reggie West
|
0-0: Ground out 4-3 (Groundball, 4S, EV 60.6 MPH)
|
| Bottom of the 8th over - 0 runs, 0 hits, 0 errors, 0 left on base; Aberdeen 0 - Sioux Falls 10 |
| TOP OF THE 9TH |
|
Aberdeen Pheasants batting - Pitching for Sioux Falls Packers : LHP Miguel Reyes
|
|
Batting: RHB Greg Howe
|
0-0: Ball 1-0: Ball 2-0: Ball 3-0: Called Strike 3-1: Foul Ball, location: 2F 3-2: Foul Ball, location: 2F 3-2: Foul Ball, location: 2F 3-2: Foul Ball, location: 2F 3-2: Foul Ball, location: 2F 3-2: Base on Balls
|
|
Batting: RHB Mike R Fitzgerald
|
0-0: Called Strike 0-1: Ball 1-1: Swinging Strike 1-2: Ball 2-2: Strikes out looking
|
|
Batting: RHB Harry McCulla
|
0-0: Ball 1-0: Ground out 6-3 (Groundball, 6S, EV 71.3 MPH) Greg Howe to second
|
|
Batting: LHB Tim Thompson
|
0-0: Ball 1-0: Ball 2-0: Swinging Strike 2-1: Fly out, F9 (Flyball, 89M, EV 94.4 MPH)
|
| Top of the 9th over - 0 runs, 0 hits, 0 errors, 1 left on base; Aberdeen 0 - Sioux Falls 10 |
|